 Dungeon Crawl Stone Soup version 0.30-a0-782-ge64f9170bb (webtiles) character file.

Game seed: 12801212830004996762

102 theswoord the Grave Robber (level 4, 0/30 HPs)
             Began as a Demonspawn Necromancer on Feb 18, 2023.
             Slain by Grinder (2 damage)
             ... on level 3 of the Dungeon.
             The game lasted 00:02:58 (2656 turns).

theswoord the Grave Robber (Demonspawn Necromancer) Turns: 2656, Time: 00:02:58

Health: 0/30       AC:  2    Str: 11    XL:     4   Next: 50%
Magic:  5/7        EV: 12    Int: 16    God:
Gold:   104        SH:  0    Dex: 13    Spells: 6/7 levels left

rFire   . . .      SeeInvis .    f - +0 long sword
rCold   . . .      Faith    .    (no shield)
rNeg    . . .      Spirit   .    a - +0 robe
rPois   .          Reflect  .    (no helmet)
rElec   .          Harm     .    (no cloak)
rCorr   .          Rampage  .    (no gloves)
Will    .....                    (no boots)
Stlth   ++                       (no amulet)
HPRegen 0.25/turn                (no ring)
MPRegen 0.10/turn                (no ring)

@: no status effects
A: claws 1, powered by pain 1
a: no special abilities


You were on level 3 of the Dungeon.
You visited 1 branch of the dungeon, and saw 3 of its levels.

You collected 104 gold pieces.

Inventory:

Hand Weapons
 f - a +0 long sword (weapon)
Armour
 a - a +0 robe (worn)
 c - a +0 pair of boots
Jewellery
 g - a ring of resist corrosion
 t - a +6 ring of strength
Scrolls
 e - a scroll of fog {unknown}
 h - a scroll of torment {unknown}
 j - a scroll of identify {unknown}
 k - a scroll of amnesia {unknown}
 p - a scroll of teleportation {unknown}
 q - a scroll of immolation {unknown}
 r - a scroll of blinking {unknown}
Potions
 b - a potion of magic
 d - 2 potions of lignification {unknown}
 i - a potion of brilliance {unknown}
 l - a potion of resistance {unknown}
 m - a potion of haste {unknown}
 n - a potion of ambrosia {unknown}
 o - a potion of heal wounds {unknown}
 s - a potion of curing {unknown}


   Skills:
 - Level 0.9 Long Blades
 - Level 1.7 Dodging
 - Level 1.7 Stealth
 + Level 2.0 Spellcasting
 + Level 6.3 Necromancy


You had 6 spell levels left.
You knew the following spells:

 Your Spells              Type           Power      Damage    Failure   Level
a - Necrotise             Necr           88%        1d8       1%          1

Your spell library contained the following spells:

 Spells                   Type           Power      Damage    Failure   Level
 Vampiric Draining        Necr           22%        2d7       4%          3
 Animate Dead             Necr           22%        N/A       16%         4
 Agony                    Necr           22%        N/A       38%         5


Dungeon Overview and Level Annotations

Branches:
Dungeon (3/15)

Altars:

Annotations:
D:3 Grinder


Innate Abilities, Weirdness & Mutations

You have sharp fingernails.
You sometimes gain a little power by taking damage.


Message History

Grinder gestures at you. Pain shoots through your body!
* * * LOW HITPOINT WARNING * * *
Unknown command.
You completely miss Grinder.
Your rat skeleton barely misses Grinder.
Your orc skeleton hits Grinder but does no damage.
Grinder hits you.
* * * LOW HITPOINT WARNING * * *
You writhe in agony.
* * * LOW HITPOINT WARNING * * *
You hit Grinder.
Your rat skeleton bites Grinder.
Grinder closely misses you.
Your orc skeleton barely misses Grinder.
Your rat skeleton closely misses Grinder.
Unknown command.
You hit Grinder. Grinder gestures at you.
You barely resist.
Your orc skeleton closely misses Grinder.
Grinder closely misses you.
Your rat skeleton bites Grinder but does no damage.
You slash Grinder!
Your orc skeleton misses Grinder.
Grinder hits you.
* * * LOW HITPOINT WARNING * * *
Your rat skeleton misses Grinder.
You barely miss Grinder.
Your orc skeleton closely misses Grinder.
Grinder barely misses you.
Your rat skeleton bites Grinder but does no damage.
Your orc skeleton barely misses Grinder.
You barely miss Grinder.
Grinder blinks! x2
Grinder is nearby!
Grinder is nearby!
You swap places.
Your rat skeleton crumbles into dust!
Grinder blinks!
Your orc skeleton closely misses Grinder.
Grinder hits you!
* * * LOW HITPOINT WARNING * * *
You writhe in agony.
You die...

#### #... .. #.#. .#
. ... .. .. ยง. .####
...###. .#..
......)###<#.#
..........##.######.#
###....@Z...........#
##...5.?###.###..##
#......#..<.....#
#.........(......#
#......######....#
#.....## .)..#
#####.# +8.# #.# #.#
.#


You could see Grinder (ally target) and a friendly orc skeleton.

Vanquished Creatures
  Jessica (D:2)
  3 adders (D:2)
  2 worms (D:2)
  A dart slug (D:2)
  An orc (D:3)
  6 ball pythons
  7 bats
  4 endoplasms
  2 giant cockroaches
  2 hobgoblins
  A quokka (D:1)
  2 goblins
  6 kobolds
  4 rats
42 creatures vanquished.

Vanquished Creatures (collateral kills)
  A giant cockroach (D:2)
1 creature vanquished.

Grand Total: 43 creatures vanquished

Notes
Turn   | Place    | Note
-------+----------+-------------------------------------------
     0 | D:1      | theswoord the Demonspawn Necromancer began the quest for
                  | the Orb.
     0 | D:1      | Reached XP level 1. HP: 13/13 MP: 3/3
   365 | D:1      | Gained mutation: You have sharp fingernails. [demonic
                  | ancestry]
   365 | D:1      | Reached XP level 2. HP: 11/19 MP: 5/5
  1098 | D:1      | Reached skill level 5 in Necromancy
  1501 | D:2      | Gained mutation: You sometimes gain a little power by
                  | taking damage. [demonic ancestry]
  1501 | D:2      | Reached XP level 3. HP: 18/24 MP: 2/6
  1847 | D:2      | Noticed Jessica
  1851 | D:2      | Killed Jessica
  1852 | D:2      | Reached skill level 6 in Necromancy
  1852 | D:2      | Reached XP level 4. HP: 30/30 MP: 4/7
  2628 | D:3      | Noticed Grinder
  2636 | D:3      | Paralysed by Grinder for 3 turns
  2642 | D:3      | Paralysed by Grinder for 2 turns
  2656 | D:3      | Slain by Grinder

Skill      XL: |  1  2  3 |
---------------+----------+-----
Necromancy     | 5 6 |  6.3
Long Blades    | |  0.9
Dodging        | |  1.7
Stealth        | |  1.7
Spellcasting   | |  2.0

Action                     |  1- 3 |  4- 6 || total
---------------------------+-------+-------++-------
  Melee: Unarmed           |    18 |       ||    18
         Long sword        |    31 |    16 ||    47
         Punch             |     2 |       ||     2
   Cast: Necrotise         |    51 |    23 ||    74
   Stab: Sleeping          |     2 |     1 ||     3
 Armour: Robe              |    21 |     2 ||    23
  Dodge: Dodged            |    56 |    21 ||    77

Levels and vault maps discovered:
D:1:      dpeg_arrival_solitude, layout_basic
D:2:      mumra_celtic_spiral_tile, layout_loops_ring, uniq_jessica
D:3:      layout_basic, jmf_multi_god_temple2, st_stairs_1,
          minmay_misc_feat_enclosed, uniq_terence, uniq_grinder
